 Dungeon Crawl Stone Soup version 0.25.1-2-g60ff931df9 (webtiles) character file.

Game seed: 11646344320109500526

143 DerDa the Firebug (level 5, -1/28 HPs)
             Began as a Tengu Fire Elementalist on Aug 16, 2020.
             Slain by a wight
             ... wielding a +3 morningstar
              (12 damage)
             ... on level 3 of the Dungeon.
             The game lasted 00:07:19 (3960 turns).

DerDa the Firebug (Tengu Fire Elementalist)         Turns: 3960, Time: 00:07:20

Health: -1/28      AC:  3    Str:  9    XL:     5   Next: 25%
Magic:  5/10       EV: 13    Int: 16    God:
Gold:   202        SH:  0    Dex: 14    Spells: 9/10 levels left

rFire    . . .     SeeInvis .   o - +0 hand axe (vorpal)
rCold    . . .     Gourm    .   (no shield)
rNeg     . . .     Faith    .   a - +0 robe
rPois    .         Spirit   .   (helmet restricted)
rElec    .         Reflect  .   A - +0 cloak
rCorr    .         Harm     .   (no gloves)
MR       .....                  (boots unavailable)
Stlth    ++........             (no amulet)
HPRegen  0.09/turn              (no ring)
MPRegen  0.12/turn              (no ring)

@: lightly drained
A: beak, talons 3, able to fly
a: Fly


You were on level 3 of the Dungeon.
You were not hungry.

You visited 1 branch of the dungeon, and saw 3 of its levels.

You collected 202 gold pieces.

Inventory:

Hand Weapons
 e - a +0 spear
 n - a +0 dagger of venom
 o - a +0 vorpal hand axe (weapon)
 w - a +1 dagger of holy wrath
Missiles
 g - 165 stones (quivered)
Armour
 a - a +0 robe (worn)
 A - a +0 cloak (worn)
Scrolls
 h - a scroll of magic mapping {unknown}
 i - 2 scrolls of remove curse {unknown}
 k - a scroll of fog {unknown}
 m - 2 scrolls of teleportation {unknown}
 p - a scroll of enchant armour {unknown}
 q - a scroll of blinking {unknown}
 r - 3 scrolls of fear {unknown}
 s - 2 scrolls of identify {unknown}
 t - a scroll of noise {unknown}
 y - a scroll of random uselessness {unknown}
Potions
 b - 2 potions of haste {unknown}
 d - a potion of stabbing {unknown}
 j - a potion of mutation {unknown}
 l - a potion of lignification {unknown}
 u - a potion of berserk rage {unknown}
 v - 3 potions of curing {unknown}
 x - 2 potions of heal wounds {unknown}
 z - a potion of ambrosia {unknown}
Comestibles
 c - 9 rations
 f - 2 chunks of flesh


   Skills:
 + Level 2.9(2.6) Dodging
 - Level 2.0(1.6) Stealth
 * Level 3.0(2.6) Spellcasting
 * Level 3.5(3.2) Conjurations
 * Level 4.4(4.0) Fire Magic


You had 9 spell levels left.
You knew the following spells:

 Your Spells              Type           Power        Failure   Level  Hunger
a - Foxfire               Conj/Fire      ##..         4%          1    #......

Your spell library contained the following spells:

 Spells                   Type           Power        Failure   Level  Hunger
 Conjure Flame            Conj/Fire      ##......     13%         3    ###....
 Inner Flame              Hex/Fire       #.......     26%         3    ###....
 Sticky Flame             Conj/Fire      ##......     41%         4    #####..
 Fireball                 Conj/Fire      ##........   77%         5    ######.


Dungeon Overview and Level Annotations

Branches:
Dungeon (3/15)

Altars:

Annotations:
D:3 exclusion: 2 wights, Terence


Innate Abilities, Weirdness & Mutations

You have a beak for a mouth.
You have claws for feet.
You can fly continuously.


Message History

Confirm with . or Enter, or press ? or * to list all spells.
You conjure some foxfire!
The foxfire hits the wight.
The wight is lightly damaged.
The wight hits you with a +3 morningstar!
You feel drained.
Casting: Foxfire (safe; 4% risk of failure)
Confirm with . or Enter, or press ? or * to list all spells.
You conjure some foxfire!
The foxfire hits the wight but does no damage.
The wight is lightly damaged.
The foxfire hits the wight.
The wight is moderately damaged.
The foxfire hits the wight but does no damage.
The wight is moderately damaged.
Casting: Foxfire (safe; 4% risk of failure)
Confirm with . or Enter, or press ? or * to list all spells.
You conjure some foxfire!
The foxfire hits the wight.
The wight is heavily damaged.
The wight hits you with a +3 morningstar!
You die...

#.###.##....#.##..#.##
#..##.##....#.##..#.#@ z#
##.##.##....#.##..#.#. z#
............'.##..#.#. .#
##..#.##....####..#.#. .#
##.#.##....#.....#.#z###.#
#...##....#.###.#.#...#.#
##..##....#.#v..#.###.#.#
#.>##....#.#v@z........#
##.#######.#ยง###.###.###
#.# #.#...).# #.# #.#
#.####### #.# #.# #.# #.#
#.# #.# #.# #.# #.# #.#
#.# #.#########.# #.#
#...........#


You could see a wight.

Vanquished Creatures
  Jessica (D:3)
  Robin (D:3)
  2 adders (D:3)
  An ooze (D:1)
  A worm (D:3)
  A leopard gecko (D:3)
  2 orcs (D:3)
  A ball python (D:3)
  3 giant cockroaches
  14 goblins
  11 hobgoblins
  5 jackals
  8 kobolds
  3 quokkas
  5 bats
  5 frilled lizards
  13 rats
77 creatures vanquished.

Vanquished Creatures (others)
  227 foxfires
227 creatures vanquished.

Grand Total: 304 creatures vanquished

Notes
Turn   | Place    | Note
-------+----------+-------------------------------------------
     0 | D:1      | DerDa the Tengu Fire Elementalist began the quest for the
                  | Orb.
     0 | D:1      | Reached XP level 1. HP: 10/10 MP: 4/4
   184 | D:1      | Reached XP level 2. HP: 15/15 MP: 0/6
  1197 | D:2      | Reached XP level 3. HP: 18/19 MP: 0/7
  2548 | D:3      | Noticed Robin
  2576 | D:2      | Reached XP level 4. HP: 6/24 MP: 1/8
  2877 | D:3      | Reached skill level 4 in Fire Magic
  3013 | D:3      | Noticed Jessica
  3021 | D:3      | Killed Robin
  3025 | D:3      | Killed Jessica
  3412 | D:3      | Gained mutation: You can fly continuously. [Tengu growth]
  3412 | D:3      | Reached XP level 5. HP: 28/28 MP: 4/10
  3946 | D:3      | Noticed Terence
  3960 | D:3      | Slain by a wight

Illustrated notes

Levels and vault maps discovered:
D:1:      scummos_arrival_checkerplants, layout_basic
D:2:      layout_basic
D:3:      minmay_chambers_of_twos, layout_basic, first_ration, uniq_robin,
          uniq_jessica, uniq_terence

Skill      XL: |  1  2  3  4  5 |
---------------+----------------+-----
Conjurations   | 2 3 |  3.5
Fire Magic     | 4 |  4.4
Spellcasting   | 3 |  3.0
Dodging        | |  2.9
Stealth        | |  2.0

Action                   |  1- 3 |  4- 6 || total
-------------------------+-------+-------++-------
Melee: Spear             |     3 |       ||     3
       Hand axe          |    16 |     8 ||    24
       Kick              |     2 |     2 ||     4
       Peck              |     1 |       ||     1
 Cast: Foxfire           |    87 |    67 ||   154
  Eat: Chunk             |     6 |     5 ||    11
Armor: Robe              |     7 |     3 ||    10
Dodge: Dodged            |    30 |    13 ||    43
